 Dungeon Crawl Stone Soup version 0.28-a0-43-g560ac104fe (webtiles) character file.

Game seed: 12586162587827061157

1134 wakim the Sneak (level 8, 0/46 HPs)
             Began as a Kobold Enchanter on July 28, 2021.
             Slain by an ice beast (8 damage)
             ... on level 4 of the Dungeon.
             The game lasted 00:20:02 (9343 turns).

wakim the Sneak (Kobold Enchanter)                  Turns: 9343, Time: 00:20:02

Health: 0/46       AC:  4    Str:  6    XL:     8   Next: 63%
Magic:  2/12       EV: 16    Int: 16    God:
Gold:   234        SH:  0    Dex: 17    Spells: 2/13 levels left

rFire   . . .      SeeInvis .   a - +1 dagger
rCold   . . .      Faith    .   (shield restricted)
rNeg    . . .      Spirit   .   h - +0 robe
rPois   .          Reflect  .   (no helmet)
rElec   .          Harm     .   (no cloak)
rCorr   .          Rampage  .   c - +0 pair of gloves
Will    .....                   i - +0 pair of boots
Stlth   ++++......              (no amulet)
HPRegen 0.15/turn               (no ring)
MPRegen 0.13/turn               (no ring)

@: no status effects
A: small, no large weapons, nightstalker 3
a: no special abilities


You were on level 4 of the Dungeon.
You visited 1 branch of the dungeon, and saw 6 of its levels.

You collected 234 gold pieces.

Inventory:

Hand Weapons
 a - a +1 dagger (weapon)
 b - a +2 vorpal hunting sling
Missiles
 l - 30 sling bullets
Armour
 c - a +0 pair of gloves (worn)
 h - a +0 robe (worn)
 i - a +0 pair of boots (worn)
Potions
 d - a potion of brilliance {unknown}
 e - a potion of magic {unknown}
 f - a potion of degeneration {unknown}
 j - a potion of curing {unknown}
 C - a potion of berserk rage {!q}
 L - 2 potions of lignification {!q}
 M - a potion of mutation {!q}
 N - 2 potions of might
 O - a potion of resistance


   Skills:
 * Level 3.5 Fighting
 - Level 6.0 Short Blades
 - Level 4.0 Dodging
 - Level 6.0 Stealth
 + Level 3.1 Spellcasting
 - Level 2.0 Conjurations
 - Level 6.0 Hexes
 - Level 2.0 Ice Magic


You had 2 spell levels left.
You knew the following spells:

 Your Spells              Type           Power      Damage    Failure   Level
b - Confusing Touch       Hex            21%        N/A       4%          3
c - Dazzling Flash        Conj/Hex       30%        N/A       11%         3
d - Tukima's Dance        Hex            21%        N/A       4%          3
x - Ensorcelled Hibernat  Hex/Ice        30%        N/A       5%          2

Your spell library contained the following spells:

 Spells                   Type           Power      Damage    Failure   Level
 Corona                   Hex            23%        N/A       1%          1
 Searing Ray              Conj           16%        3d3       12%         2
 Sting                    Tmut/Pois      8%         1d3       19%         1
 Passwall                 Tmut/Erth      1%         N/A       28%         2
 Poisonous Vapours        Pois/Air       4%         N/A       28%         2
 Portal Projectile        Hex/Tloc       24%        N/A       16%         3
 Mephitic Cloud           Conj/Pois/Air  4%         N/A       38%         3
 Leda's Liquefaction      Hex/Erth       6%         N/A       47%         4
 Call Canine Familiar     Summ           2%         N/A       50%         3
 Swiftness                Air            2%         N/A       50%         3
 Summon Ice Beast         Ice/Summ       5%         N/A       77%         4
 Olgreb's Toxic Radiance  Pois           2%         N/A       88%         4
 Iskenderun's Battlesphe  Conj           8%         2d6       92%         5
 Invisibility             Hex            10%        N/A       94%         6


Dungeon Overview and Level Annotations

Branches:
Dungeon (6/15)
 Temple: D:4-7

Altars:
Elyvilon
Xom
Yredelemnul
Zin
The Shining One

Shops:
D:3 =


Innate Abilities, Weirdness & Mutations

You are small and have problems with some larger weapons.
You are completely attuned to the shadows.


Message History

The howler monkey skeleton barely misses you.
The bullfrog zombie misses you. The bullfrog skeleton hits you.
The centaur skeleton hits you. The centaur skeleton barely misses you.
The howler monkey skeleton hits you but does no damage.
There is a stone staircase leading up, spattered with blood here.
The bullfrog zombie barely misses you.
The bullfrog skeleton barely misses you.
The centaur skeleton misses you.
The centaur skeleton kicks you but does no damage.
The ice beast barely misses you.
The howler monkey skeleton barely misses you.
The bullfrog zombie closely misses you.
The bullfrog skeleton closely misses you.
You climb upwards.
There is a stone staircase leading down here.
The ice beast hits you. The ice beast freezes you!
* * * LOW HITPOINT WARNING * * *
Casting: Confusing Touch (dangerous; 4% risk of failure)
Confirm with . or Enter, or press ? or * to list all spells.
The ice beast hits you.
* * * LOW HITPOINT WARNING * * *
The ice beast freezes you!
* * * LOW HITPOINT WARNING * * *
The ice beast misses you.
There is a stone staircase leading up here.
The ice beast closely misses you.
You climb upwards.
There is a stone staircase leading down here.
Casting: Dazzling Flash (dangerous; 11% risk of failure)
Confirm with . or Enter, or press ? or * to list all spells.
Your hands begin to glow red.
The ice beast hits you.
* * * LOW HITPOINT WARNING * * *
The ice beast freezes you!
* * * LOW HITPOINT WARNING * * *
You hit the ice beast but do no damage. You hit the ice beast but do no damage.
The ice beast appears confused.
The ice beast hits you.
* * * LOW HITPOINT WARNING * * *
The ice beast freezes you!
You die...

#..##.#
#..<#.#
#.#.#.#
#)#...#
#.....#
####..########
###.........#
#...........#
#...>@Y.....#
#...........#
#...........#
####........#
#........#
##########


You could see an ice beast (confused).

Vanquished Creatures
  An orc warrior (D:4)
  A sky beast (D:3)
  A necrophage (D:5)
  An ice beast (D:5)
  A phantom (D:5)
  A bullfrog (D:4)
  A scorpion (D:5)
  A howler monkey (D:5)
  4 hounds
  3 orc priests (D:3)
  A bullfrog skeleton (D:5)
  An iguana (D:5)
  4 orc wizards
  A hound zombie (D:5)
  4 adders
  A gnoll (D:1)
  An ufetubus (D:5)
  An adder skeleton (D:4)
  A worm (D:3)
  4 dart slugs
  17 orcs
  5 endoplasms
  A giant cockroach (D:1)
  8 goblins
  15 hobgoblins
  4 jackals
  8 kobolds
  2 quokkas (D:2)
  3 ball pythons
  10 bats
  5 frilled lizards
  5 rats
117 creatures vanquished.

Vanquished Creatures (others)
  7 plants (D:4)
7 creatures vanquished.

Grand Total: 124 creatures vanquished

Notes
Turn   | Place    | Note
-------+----------+-------------------------------------------
     0 | D:1      | wakim the Kobold Enchanter began the quest for the Orb.
     0 | D:1      | Reached XP level 1. HP: 10/10 MP: 3/3
   377 | D:1      | Reached XP level 2. HP: 15/15 MP: 5/5
   524 | D:1      | Learned a level 2 spell: Ensorcelled Hibernation
   725 | D:1      | Reached XP level 3. HP: 19/19 MP: 6/6
  2130 | D:2      | Reached XP level 4. HP: 18/24 MP: 1/7
  2911 | D:2      | Learned a level 3 spell: Confusing Touch
  3035 | D:3      | Reached skill level 5 in Stealth
  3142 | D:3      | Found Ozudatef's Jewellery Shoppe.
  3391 | D:3      | Reached XP level 5. HP: 28/28 MP: 5/8
  3865 | D:3      | Found a basalt altar of Yredelemnul.
  3867 | D:3      | Noticed a sky beast
  3871 | D:3      | Killed a sky beast
  3872 | D:3      | Reached XP level 6. HP: 32/32 MP: 9/9
  3947 | D:3      | Learned a level 3 spell: Dazzling Flash
  4247 | D:3      | Found a white marble altar of Elyvilon.
  4248 | D:3      | Found a glowing golden altar of the Shining One.
  4248 | D:3      | Found a glowing silver altar of Zin.
  4396 | D:3      | Reached skill level 5 in Short Blades
  5141 | D:4      | Found a shimmering altar of Xom.
  5828 | D:4      | Reached XP level 7. HP: 34/36 MP: 5/10
  5941 | D:4      | Reached skill level 5 in Hexes
  8024 | D:5      | Entered Level 5 of the Dungeon
  8027 | D:5      | Reached skill level 1 in Fighting
  8123 | D:5      | Reached skill level 1 in Conjurations
  8123 | D:5      | Reached skill level 1 in Ice Magic
  8123 | D:5      | Reached XP level 8. HP: 44/44 MP: 11/11
  9006 | D:5      | Learned a level 3 spell: Tukima's Dance
  9054 | D:5      | Got the Collected Works on the Hurtful Escort
  9343 | D:4      | Slain by an ice beast

Illustrated notes

Levels and vault maps discovered:
D:1:      mainiacjoe_arrival_reflecting_pool, layout_basic
D:2:      minmay_recursive_quarters, layout_loops_ring, eino_curves_04
D:3:      cheibrodos_greedy_goblins, layout_basic, good_gods_temple_1,
          mainiacjoe_overflow_catwalk, serial_corexii_hall,
          chequers_hall_statues_y, chequers_hall_statues_corner_a, serial_shops,
          nicolae_diamond_shop, minmay_starry_boxes
D:4:      layout_basic, mainiacjoe_overflow_chevrons
D:5:      layout_gridville
D:6:      layout_loops_ring, mainiacjoe_overflow_surrounded_room,
          nicolae_qazlal_style_of_elements, minmay_temple_entry_sparse_star,
          serial_undead, serial_undead_f, serial_undead_d, serial_undead_b,
          serial_undead_e, gup_sewer_entry_pipe, minmay_misc_feat_roman,
          sigmund_army

Skill      XL: |  1  2  3  4  5  6  7  8 |
---------------+-------------------------+-----
Short Blades   | 2 3 4 6 |  6.0
Stealth        | 5 6 |  6.0
Hexes          | 4 6 |  6.0
Fighting       | 1 3 |  3.5
Dodging        | 3 4 |  4.0
Conjurations   | 1 2 |  2.0
Ice Magic      | 1 2 |  2.0
Spellcasting   | 3 |  3.1

Action                   |  1- 3 |  4- 6 |  7- 9 || total
-------------------------+-------+-------+-------++-------
Melee: Dagger            |    68 |   193 |    91 ||   352
 Cast: Corona            |     6 |     8 |       ||    14
       Ensorcelled Hiber |    16 |    42 |    23 ||    81
       Dazzling Flash    |       |     3 |     5 ||     8
       Confusing Touch   |       |       |     8 ||     8
  Use: Scroll            |       |     8 |     1 ||     9
 Stab: Sleeping          |    17 |    38 |    21 ||    76
       Invisible         |       |     1 |     3 ||     4
       Confused          |       |       |     8 ||     8
Armor: Robe              |    17 |    31 |    16 ||    64
Dodge: Dodged            |    64 |   142 |   100 ||   306

Table legend: (Time is in decaauts)
 A = Elapsed time spent in this place.
 B = Non-inter-level travel time spent in this place.
 C = Inter-level travel time spent in this place.
 D = Time resting spent in this place.
 E = Time spent auto-exploring this place.
 F = Levels seen in this place.
 G = Mean time per level.
                   A        B        C        D        E       F      G
               +--------+--------+--------+--------+--------+-----+--------+
         Total |   9272 |   8643 |    629 |    974 |   6323 |   6 | 1545.3 |
       Dungeon |   9272 |   8643 |    629 |    974 |   6323 |   6 | 1545.3 |
               +--------+--------+--------+--------+--------+-----+--------+

Top non-repeatable levels by time:
     D:3: 3403 daAuts
     D:2: 1772 daAuts
     D:4: 1619 daAuts
     D:5: 1257 daAuts
     D:1: 1210 daAuts
     D:6: 7 daAuts
